 Dungeon Crawl Stone Soup version 0.21.1-1-g345015fe64 (webtiles) character file.

119 RaHiT the Sneak (level 4, 0/33 HPs)
             Began as a Vampire Assassin on Mar 23, 2018.
             Slain by a gnoll
             ... wielding a +0 club
              (6 damage)
             ... on level 3 of the Dungeon.
             The game lasted 00:06:28 (1100 turns).

RaHiT the Sneak (Vampire Assassin)                  Turns: 1100, Time: 00:06:29

Health: 0/33       AC:  3    Str: 12    XL:     4   Next: 74%
Magic:  4/4        EV: 13    Int: 13    God:
Gold:   45         SH:  0    Dex: 16    Spells: 3/3 levels left

rFire    . . .     SeeInvis +   a - +2 dagger
rCold    + . .     Gourm    .   (no shield)
rNeg     + + .     Faith    .   c - +0 robe
rPois    +         Spirit   .   (no helmet)
rElec    .         Reflect  .   d - +0 cloak
rCorr    .         Harm     .   (no gloves)
MR       .....                  (no boots)
Stlth    ++++......             (no amulet)
HPRegen  0.05/turn              t - +2 ring of strength
MPRegen  0.09/turn              (no ring)

@: regenerating slowly
A: fangs 3, see invisible, unbreathing
a: Bat Form


You were on level 3 of the Dungeon.
You were thirsty.

You visited 1 branch of the dungeon, and saw 3 of its levels.

You collected 45 gold pieces.

Inventory:

Hand Weapons
 a - a +2 dagger (weapon)
 b - a +0 blowgun
Missiles
 h - 36 stones (quivered)
 r - 2 tomahawks
 s - 2 javelins
 u - 8 silver tomahawks
Armour
 c - a +0 robe (worn)
 d - a +0 cloak (worn)
Jewellery
 o - an uncursed ring of ice
 t - a +2 ring of strength (left hand)
Scrolls
 k - a scroll of enchant weapon {unknown}
 l - a scroll of identify {unknown}
 m - a scroll of magic mapping {unknown}
 n - a scroll of teleportation {unknown}
 q - 3 scrolls of remove curse
Potions
 g - 10 potions of blood
 i - a potion of brilliance {unknown}
 j - a potion of curing {unknown}
 p - a potion of flight {unknown}
 v - a potion of lignification {unknown}


   Skills:
 + Level 2.3 Fighting
 * Level 3.5 Short Blades
 + Level 2.1 Throwing
 + Level 1.0 Armour
 + Level 2.0 Dodging
 + Level 6.4 Stealth


You had 3 spell levels left.
You didn't know any spells.

Dungeon Overview and Level Annotations

Branches:
Dungeon (3/15)

Altars:

Annotations:
D:2 Sigmund


Innate Abilities, Weirdness & Mutations

You heal slowly.
You have razor-sharp teeth.
You have supernaturally acute eyesight. (SInv)
You can survive without breathing.


Message History

The gnoll is moderately wounded.
The gnoll barely misses you.
You barely miss the gnoll.
The gnoll is moderately wounded.
You hear the slow rusting of a distant drain.
The gnoll hits you with a club.
* * * LOW HITPOINT WARNING * * *
You hit the gnoll.
The gnoll is heavily wounded.
The gnoll hits you with a club.
* * * LOW HITPOINT WARNING * * *
You hit the gnoll.
The gnoll is severely wounded.
You hit the gnoll.
The gnoll is almost dead.
The gnoll misses you.
You hit the gnoll.
The gnoll is almost dead.
The gnoll hits you with a club.
You die...

###.#
#......# #
####g####
#....#.# #
#...)((.#
#......# #
#.#####.#
#....# #(#
#.####...#
#.#
#..()g...#
#.#
#.#####..#
#.#####.#
.....
#..g@...#
#.####
#########
(# .# . .


You could see a gnoll.

Vanquished Creatures
  A crimson imp (D:3)
  Terence (D:2)
  3 gnolls (D:3)
  A worm (D:2)
  A dart slug (D:1)
  An orc (D:3)
  3 bats
  3 giant cockroaches (D:1)
  2 goblins (D:2)
  A hobgoblin (D:1)
  A quokka (D:2)
  3 frilled lizards
  4 kobolds (D:2)
  4 rats
29 creatures vanquished.

Notes
Turn   | Place    | Note
-------+----------+-------------------------------------------
     0 | D:1      | RaHiT the Vampire Assassin began the quest for the Orb.
     0 | D:1      | Reached XP level 1. HP: 16/16 MP: 1/1
   164 | D:1      | Reached XP level 2. HP: 15/22 MP: 2/2
   566 | D:2      | Noticed Terence
   573 | D:2      | Killed Terence
   573 | D:2      | Reached skill level 6 in Stealth
   573 | D:2      | Reached XP level 3. HP: 27/27 MP: 3/3
   717 | D:2      | Noticed Sigmund
   957 | D:3      | Reached XP level 4. HP: 33/33 MP: 1/4
  1068 | D:3      | Reached skill level 1 in Armour
  1100 | D:3      | Slain by a gnoll

Skill      XL: |  1  2  3  4 |
---------------+-------------+-----
Fighting       | 2 |  2.3
Stealth        | 6 |  6.4
Short Blades   | 3 |  3.5
Throwing       | 2 |  2.1
Armour         | 1 |  1.0
Dodging        | 2 |  2.0

Action                   |  1- 3 |  4- 6 || total
-------------------------+-------+-------++-------
Melee: Dagger            |    64 |    17 ||    81
       Bite              |     5 |       ||     5
 Fire: Blowgun           |       |    10 ||    10
Throw: Stone             |    11 |     1 ||    12
 Abil: End Transformatio |     1 |     2 ||     3
       Bat Form          |     1 |     2 ||     3
  Use: Scroll            |     1 |       ||     1
 Stab: Sleeping          |     6 |     1 ||     7
Armor: Robe              |    20 |       ||    20
Dodge: Dodged            |    22 |    14 ||    36
